 Dungeon Crawl Stone Soup version 0.23-a0-4-g8f018a2 (webtiles) character file.

24247 smcx the Thaumaturge (level 12, -3/104 HPs)
             Began as a Green Draconian Fire Elementalist on July 29, 2018.
             Was a Priest of Vehumet.
             Slain by a sixfirhy (10 damage)
             ... summoned by an orc high priest
             ... on level 2 of the Orcish Mines on July 31, 2018.
             The game lasted 03:05:54 (29869 turns).

smcx the Thaumaturge (DrFE)                        Turns: 29869, Time: 03:05:55

Health: -3/104     AC: 11    Str: 10    XL:     12   Next: 79%
Magic:  25/25      EV: 16    Int: 24    God:    Vehumet [***...]
Gold:   1634       SH:  9    Dex: 15    Spells: 3/29 levels left

rFire    + . .     SeeInvis .   h - +2 hunting sling (freeze)
rCold    + . .     Gourm    .   m - +0 buckler
rNeg     . . .     Faith    .   (armour unavailable)
rPois    +         Spirit   .   f - +1 hat
rElec    .         Reflect  +   D - scarf {rC+ rF+}
rCorr    +         Harm     .   q - +0 pair of gloves
MR       .....                  I - +0 pair of boots
Stlth    +.........             N - +4 amulet of reflection
HPRegen  0.27/turn              o - ring "Huunusum" {rCorr Int+4 Dex+2 Stlth-}
MPRegen  0.19/turn              B - ring of poison resistance

@: drained
A: breathe noxious fumes, unfitting armour, poison resistance, cold-blooded, AC
+8
a: Breathe Noxious Fumes, Renounce Religion


You were on level 2 of the Orcish Mines.
You worshipped Vehumet.
Vehumet was most pleased with you.
You were not hungry.

You visited 5 branches of the dungeon, and saw 18 of its levels.

You collected 1634 gold pieces.

Inventory:

Hand Weapons
 h - a +2 hunting sling of freezing (weapon)
Missiles
 i - 57 sling bullets (quivered)
 j - 235 stones
Armour
 f - a +1 hat (worn)
 m - a +0 buckler (worn)
 q - a +0 pair of gloves (worn)
 D - a scarf of resistance (worn)
 I - a +0 pair of boots (worn)
 J - a +0 helmet
Jewellery
 o - the ring "Huunusum" (left hand) {rCorr Int+4 Dex+2 Stlth-}
   (You found it on level 4 of the Dungeon)

   [ring of resist corrosion]

   It affects your intelligence (+4).
   It affects your dexterity (+2).
   It makes you less stealthy.
 B - a ring of poison resistance (right hand)
 L - an uncursed amulet of the gourmand
 N - a +4 amulet of reflection (around neck)
Wands
 e - a wand of iceblast (8)
 s - a wand of enslavement (11)
 v - a wand of paralysis (8)
 x - a wand of acid (11)
 G - a wand of flame (12)
 M - a wand of digging (14)
Scrolls
 a - a scroll of random uselessness {unknown}
 c - 2 scrolls of amnesia {unknown}
 d - a scroll of vulnerability {unknown}
 g - 6 scrolls of remove curse
 l - 8 scrolls of teleportation
 r - 2 scrolls of fog
 t - 2 scrolls of enchant weapon {unknown}
 y - 2 scrolls of enchant armour {unknown}
 z - a scroll of silence {unknown}
 C - a scroll of fear {unknown}
 F - a scroll of holy word {unknown}
 H - 4 scrolls of identify
Potions
 k - 3 potions of brilliance
 p - a potion of invisibility {unknown}
 u - 2 potions of cancellation
 w - 3 potions of haste
 A - 3 potions of curing
 K - a potion of ambrosia {unknown}
Miscellaneous
 n - a phial of floods
 E - a fan of gales
Comestibles
 b - 3 rations


   Skills:
 + Level 9.1(9.0) Fighting
 + Level 5.7(5.6) Slings
 - Level 7.0(6.9) Dodging
 - Level 1.7(1.6) Stealth
 - Level 4.0(3.9) Shields
 + Level 9.4(9.2) Spellcasting
 - Level 7.5(7.3) Conjurations
 - Level 5.7(5.6) Hexes
 - Level 3.7(3.6) Translocations
 + Level 8.1(8.0) Fire Magic
 - Level 6.4(6.3) Poison Magic


You had 3 spell levels left.
You knew the following spells:

 Your Spells              Type           Power        Failure   Level  Hunger
a - Magic Dart            Conj           ####         1%          1    None
b - Confuse               Hex            #####...     1%          3    None
c - Conjure Flame         Conj/Fire      #####...     1%          3    None
d - Sticky Flame          Conj/Fire      #####...     1%          4    ##.....
e - Blink                 Tloc           N/A          1%          2    None
f - Mephitic Cloud        Conj/Pois/Air  ####....     1%          3    None
g - Flame Tongue          Conj/Fire      #####        1%          1    None
h - Throw Flame           Conj/Fire      #####.       1%          2    None
r - Slow                  Hex            #####...     1%          2    None
t - Fireball              Conj/Fire      #####.....   1%          5    ####...

Your spell library contained the following spells:

 Spells                   Type           Power        Failure   Level  Hunger
 Iskenderun's Mystic Bla  Conj           #####...     1%          4    ##.....
 Animate Dead             Necr           N/A          50%         4    ##.....
 Call Imp                 Summ           ##......     9%          2    None
 Tukima's Dance           Hex            #####...     1%          3    None
 Recall                   Summ/Tloc      N/A          9%          3    None
 Spider Form              Tmut/Pois      ####......   4%          3    None
 Blade Hands              Tmut           ##........   85%         5    ####...
 Ice Form                 Ice/Tmut       ##......     50%         4    ##.....
 Death Channel            Necr           ##........   100%        6    ######.
 Sticks to Snakes         Tmut           ##......     9%          2    None
 Ensorcelled Hibernation  Hex/Ice        ###...       2%          2    None
 Corona                   Hex            #####..      1%          1    None
 Simulacrum               Ice/Necr       ##........   100%        6    ######.
 Inner Flame              Hex/Fire       #####...     1%          3    None
 Beastly Appendage        Tmut           ##....       6%          1    None
 Fulminant Prism          Conj/Hex       #####.....   1%          4    ##.....
 Dazzling Spray           Conj/Hex       #####.       1%          3    None
 Force Lance              Conj/Tloc      #####...     1%          4    ##.....
 Searing Ray              Conj           #####.       1%          2    None
 Borgnjor's Vile Clutch   Necr/Erth      ##........   85%         5    ####...


Dungeon Overview and Level Annotations

Branches:
Dungeon (10/15)            Temple (1/1) D:4            Lair (4/6) D:8
  Swamp (0/4) Lair:4        Snake (1/4) Lair:4          Orc (2/2) D:10
    Elf (0/3) Orc:2

Altars:
Ashenzari
Cheibriados
Dithmenos
Elyvilon
Fedhas
Gozag
Hepliaklqana
Kikubaaqudgha
Makhleb
Nemelex Xobeh
Okawaru
Qazlal
Ru
Sif Muna
Trog
Uskayaw
Vehumet
Wu Jian
Xom
Yredelemnul
Zin
The Shining One
Beogh

Shops:
D:7 }   D:8 :

Annotations:
Lair:2 3 runed doors, Scuka's ghost, journeyman MfBe
Lair:4 exclusion: 4 oklob plants


Innate Abilities, Weirdness & Mutations

You can breathe blasts of noxious fumes.
Your lurid green scales are hard. (AC +8)
You cannot fit into any form of body armour.
Your system is resistant to poisons. (rPois)
You are cold-blooded and may be slowed by cold attacks.


Message History

The orc warrior shouts!
You hear a shout!
The soul eater draws from the surrounding life force!
The soul eater draws from the surrounding life force!
The orc high priest starts to sing a prayer.
The orc priest looks encouraged for a moment.
The orc high priest looks very confused.
The soul eater draws from the surrounding life force!
Things that are here:
a dire flail; a plate armour; an orc skeleton The sixfirhy hits you!
The sixfirhy shocks you! The sixfirhy hits you! The sixfirhy shocks you!
* * * LOW HITPOINT WARNING * * *
The orc high priest mumbles some strange prayers to Beogh against you.
Beogh smites you!
* * * LOW HITPOINT WARNING * * *
The sixfirhy closely misses you. You block the sixfirhy's attack.
The sixfirhy hits you!
* * * LOW HITPOINT WARNING * * *
The sixfirhy shocks you!
You die...

.(....).#....o.........#.###
(...........##)......##...#
#########...3#o.....####.##
#.....34.....# ###
#....##.....## ##.####....##
#...# ##....## ##.##
##3....# ### ##.@.#..# ##.#
#...##...# #...##...# #.##
#.......## ## #......#######
#.#..###.#.#.##
##.#..#.......#
#......#......##
#.....##.......#


You could see a soul eater, an orc high priest, a rust devil and a sixfirhy.

Vanquished Creatures
  Snorg (D:10)
  2 hydras
  3 two-headed ogres
  An orc high priest (Orc:2)
  Nergalle (Orc:1)
  2 orc sorcerers (Orc:2)
  3 elephants (Lair:4)
  A torpor snail (Lair:2)
  A rime drake (Lair:3)
  7 spiny frogs
  2 komodo dragons
  2 trolls
  A hornet (D:10)
  3 blink frogs (Lair:3)
  3 hippogriffs
  A spriggan (D:8)
  19 yaks
  A basilisk (Lair:4)
  Grum (D:9)
  A warg (Orc:2)
  An acid dragon (D:10)
  3 nagas (Lair:4)
  3 water moccasins
  6 porcupines
  An ice beast (D:5)
  7 orc warriors
  2 sky beasts
  A black bear (D:9)
  12 ogres
  4 wolves
  3 centaurs
  5 crocodiles
  A big kobold (D:6)
  12 bullfrogs
  A gnoll sergeant (D:9)
  A wyvern skeleton (D:6)
  8 killer bees
  4 wights
  4 howler monkeys
  5 crimson imps
  2 electric eels (Lair:4)
  3 jellies
  2 centaur zombies
  5 orc priests
  3 hounds
  4 bullfrog skeletons
  Ijyb (D:5)
  4 iguanas
  7 orc wizards
  5 worker ants
  A killer bee zombie (D:5)
  A hound skeleton (D:5)
  2 worker ant zombies
  15 gnolls
  6 adders
  A howler monkey skeleton (D:6)
  2 shadow imps
  4 adder skeletons
  An adder zombie (D:7)
  3 worms (D:2)
  3 dart slugs
  2 leopard geckos
  31 orcs
  2 ball pythons
  9 bats
  7 giant cockroaches
  10 goblins
  8 hobgoblins
  11 jackals
  5 quokkas
  A ball python zombie (D:5)
  8 frilled lizards
  A jackal zombie (D:5)
  12 kobolds
  A leopard gecko zombie (D:8)
  12 rats
335 creatures vanquished.

Vanquished Creatures (others)
  Nessos (Orc:2)
  2 cyclopes
  4 fungi
  10 plants
17 creatures vanquished.

Grand Total: 352 creatures vanquished

Notes
Turn   | Place    | Note
-------+----------+-------------------------------------------
     0 | D:1      | smcx the Draconian Fire Elementalist began the quest for the Orb.
     0 | D:1      | Reached XP level 1. HP: 14/14 MP: 3/3
   495 | D:1      | Reached XP level 2. HP: 20/20 MP: 1/5
   621 | D:1      | Learned a level 2 spell: Throw Flame
  1605 | D:2      | Reached XP level 3. HP: 26/26 MP: 1/6
  1610 | D:2      | Learned a level 3 spell: Conjure Flame
  2000 | D:2      | Reached XP level 4. HP: 33/33 MP: 3/7
  2132 | D:2      | Found a hazy altar of Hepliaklqana.
  2227 | D:2      | Noticed a sky beast
  2233 | D:2      | Killed a sky beast
  2233 | D:2      | Reached skill level 1 in Slings
  2233 | D:2      | Reached XP level 5. HP: 38/38 MP: 1/9
  2804 | D:2      | Found a faded altar of an unknown god.
  3611 | D:2      | Learned a level 4 spell: Sticky Flame
  3811 | D:3      | Reached XP level 6. HP: 45/45 MP: 1/10
  5601 | D:4      | Found a staircase to the Ecumenical Temple.
  5731 | D:4      | Got a serpentine brass ring
  5759 | D:4      | Identified the ring "Huunusum" {rCorr Int+4 Dex+2 Stlth-} (You found it on level 4 of the Dungeon)
  5765 | Temple   | Entered the Ecumenical Temple
  6014 | Temple   | Became a worshipper of Vehumet
  6182 | D:4      | Your scales start taking on a lurid green colour.
  6182 | D:4      | Reached XP level 7. HP: 44/50 MP: 7/12
  6182 | D:4      | Gained mutation: Your system is resistant to poisons. (rPois) [Green Draconian growth]
  6536 | D:4      | Learned a level 1 spell: Magic Dart
  6625 | D:5      | Entered Level 5 of the Dungeon
  7599 | D:5      | Noticed Ijyb
  7627 | D:5      | Paralysed by Ijyb for 6 turns
  7636 | D:5      | Killed Ijyb
  8328 | D:5      | Learned a level 3 spell: Mephitic Cloud
  8529 | D:6      | Reached skill level 5 in Fire Magic
  8876 | D:6      | Reached XP level 8. HP: 57/57 MP: 2/14
  9075 | D:6      | Reached * piety under Vehumet
  9075 | D:6      | Offered knowledge of Freeze by Vehumet.
  9421 | D:6      | Upgraded the game from 0.22-a0-877-g5c4e1af to 0.22-a0-880-gb7b0c8b
  9797 | D:7      | Found Kaadaikh's Gadget Shoppe.
  9996 | D:7      | Reached skill level 1 in Poison Magic
 10132 | D:7      | Reached skill level 5 in Spellcasting
 10249 | D:7      | Learned a level 2 spell: Blink
 11071 | D:8      | Found a staircase to the Lair.
 11113 | D:8      | Reached skill level 1 in Translocations
 11260 | D:8      | Reached skill level 5 in Conjurations
 11613 | D:8      | Reached XP level 9. HP: 62/62 MP: 7/17
 11753 | D:8      | Reached skill level 5 in Dodging
 11807 | D:8      | Found Numaki's Book Boutique.
 12353 | D:9      | Reached ** piety under Vehumet
 12437 | D:9      | Offered knowledge of Throw Frost by Vehumet.
 12898 | D:9      | Noticed Grum
 13586 | D:9      | Learned a level 5 spell: Fireball
 13596 | D:9      | Noticed a two-headed ogre
 13861 | D:9      | Killed a two-headed ogre
 13861 | D:9      | Reached XP level 10. HP: 52/69 MP: 12/20
 14578 | D:9      | Killed Grum
 14856 | D:9      | Reached skill level 5 in Poison Magic
 15349 | D:10     | Entered Level 10 of the Dungeon
 15435 | D:10     | Found a staircase to the Orcish Mines.
 15499 | D:10     | Reached skill level 1 in Fighting
 16021 | D:10     | Noticed a two-headed ogre
 16044 | D:10     | Killed a two-headed ogre
 16248 | D:10     | Found a roughly hewn altar of Beogh.
 16405 | D:10     | Noticed a two-headed ogre
 16490 | D:9      | Killed a two-headed ogre
 17594 | D:10     | Learned a level 2 spell: Slow
 17665 | D:10     | Reached XP level 11. HP: 83/83 MP: 3/23
 18028 | D:10     | Noticed Snorg
 18081 | D:10     | HP: 3/83 [Snorg (18)]
 18089 | D:10     | Killed Snorg
 18089 | D:10     | Reached skill level 1 in Hexes
 18836 | D:10     | Found a shattered altar of Ashenzari.
 18947 | Lair:1   | Entered Level 1 of the Lair of Beasts
 19888 | Lair:2   | Found a runed gate.
 19888 | Lair:2   | Found a runed gate.
 19890 | Lair:2   | Found a runed gate.
 19908 | Lair:2   | Reached skill level 1 in Shields
 20950 | Lair:2   | Noticed a seven-headed hydra
 20962 | Lair:2   | Killed a seven-headed hydra
 20962 | Lair:2   | Reached skill level 5 in Fighting
 21097 | Lair:2   | Noticed Scuka's ghost (journeyman MfBe)
 21550 | Lair:2   | Noticed an ice dragon
 21773 | Lair:3   | Offered knowledge of Static Discharge by Vehumet.
 23259 | Lair:2   | Upgraded the game from 0.22-a0-880-gb7b0c8b to 0.23-a0-4-g8f018a2
 23312 | Lair:3   | Reached skill level 5 in Hexes
 24172 | Lair:4   | Reached XP level 12. HP: 100/100 MP: 14/24
 24240 | Lair:4   | Noticed a five-headed hydra
 24295 | Lair:4   | Killed a five-headed hydra
 25018 | Lair:4   | Found a staircase to the Snake Pit.
 25044 | Lair:4   | Reached *** piety under Vehumet
 25566 | Lair:4   | Learned a level 3 spell: Confuse
 25934 | Lair:4   | Found a staircase to the Swamp.
 26701 | Snake:1  | Entered Level 1 of the Snake Pit
 26912 | Orc:1    | Entered Level 1 of the Orcish Mines
 26912 | Orc:1    | Noticed Nergalle
 27215 | Orc:1    | Killed Nergalle
 27620 | Orc:2    | Entered Level 2 of the Orcish Mines
 27627 | Orc:2    | Reached skill level 5 in Slings
 27629 | Orc:2    | Paralysed by an orc sorcerer for 7 turns
 27749 | Orc:2    | Noticed Nessos
 28360 | Orc:2    | Killed Nessos
 28565 | Orc:2    | Offered knowledge of Throw Icicle by Vehumet.
 29065 | Orc:2    | Found a staircase to the Elven Halls.
 29486 | Orc:2    | Noticed an orc high priest
 29541 | Orc:2    | Killed an orc high priest
 29842 | Orc:2    | Noticed an orc high priest
 29849 | Orc:2    | Noticed an orc high priest
 29869 | Orc:2    | Slain by a sixfirhy

Vault maps used:
D:1:      ncdulo_lavacross
D:2:      nicolae_overflow_crystal_walls, chequers_ecumenical_altar_simple_redux
D:4:      minmay_temple_entry_large_hall
D:5:      serial_curves, eino_curves_03, eino_curves_03, first_ration, uniq_ijyb
D:7:      serial_shops, shop
D:8:      lair_entry_dummy, serial_shops, shop, the_bakery
D:9:      uniq_grum
D:10:     minmay_orc_entry_temple_small, ashenzari_altar_1, uniq_snorg
Temple:   nicolae_temple_the_god_donut
Lair:1:   lemuel_fruit_fields, grunt_megastairs_4
Lair:2:   gammafunk_ghost_icy, grunt_megastairs_5
Lair:4:   dpeg_oklob_gauntlet, swamp_mist_pool, guppyfry_snake_entry_garden,
          grunt_megastairs_2, minmay_lair_oklob_chamber,
          infiniplex_staircase_pool
Snake:1:  grunt_megastairs_1
Orc:1:    uniq_nergalle
Orc:2:    st_orc_elflike, statue_in_the_mist_lemuel, minmay_orc_temple_b,
          uniq_nessos

Skill      XL: |  1  2  3  4  5  6  7  8  9 10 11 12 |
---------------+-------------------------------------+-----
Dodging        | 2 3 4 5 6 7 |  7.0
Conjurations   | 2 3 4 5 6 7 |  7.5
Slings         | 1 2 3 5 |  5.7
Spellcasting   | 3 4 5 7 8 9 |  9.4
Fire Magic     | 4 5 6 7 8 |  8.1
Poison Magic   | 2 4 6 |  6.4
Translocations | 1 3 |  3.7
Fighting       | 3 7 9 |  9.1
Hexes          | 5 |  5.7
Shields        | 4 |  4.0
Stealth        | |  1.7

Action                   |  1- 3 |  4- 6 |  7- 9 | 10-12 || total
-------------------------+-------+-------+-------+-------++-------
Melee: Unarmed           |    17 |       |       |       ||    17
       Hunting sling     |       |     1 |       |       ||     1
 Fire: Hunting sling     |    16 |    58 |    46 |    83 ||   203
 Cast: Flame Tongue      |    37 |    68 |     2 |       ||   107
       Throw Flame       |    11 |    48 |    20 |     1 ||    80
       Conjure Flame     |       |     7 |    30 |    56 ||    93
       Magic Dart        |       |       |   285 |   523 ||   808
       Mephitic Cloud    |       |       |     2 |    16 ||    18
       Sticky Flame      |       |       |    25 |   110 ||   135
       Blink             |       |       |     4 |     6 ||    10
       Fireball          |       |       |     1 |    13 ||    14
       Slow              |       |       |       |    18 ||    18
       Confuse           |       |       |       |     8 ||     8
 Abil: Breathe Noxious F |       |       |     1 |       ||     1
Evoke: Phial of floods   |       |       |     1 |       ||     1
  Use: Scroll            |       |     4 |     9 |     6 ||    19
       Potion            |       |       |     3 |     2 ||     5
  Eat: Chunk             |     4 |     9 |     9 |    14 ||    36
       Ration            |       |     2 |     6 |    13 ||    21
Armor: Skin              |    11 |     7 |    66 |    77 ||   161
Dodge: Dodged            |    16 |    14 |   189 |   255 ||   474
Block: Buckler           |       |       |       |   108 ||   108
       Shield            |       |       |       |     6 ||     6
       Reflection        |       |       |       |    10 ||    10

Table legend:
 A = Spawn XP
 B = Non-spawn XP
 C = Spawn XP percentage of total XP
 D = Spawn monster count
 E = Non-spawn monster count
 F = Spawn count percentage of total count
 G = Total turns spent on level
                    A         B        C        D         E        F      G
               +---------+---------+-------+---------+---------+-------+---------
         Total |       0 |   34639 |   0.0 |       0 |     338 |   0.0 | 29869
               +---------+---------+-------+---------+---------+-------+---------
           D:1 |       0 |      40 |   0.0 |       0 |      26 |   0.0 |  1541
           D:2 |       0 |     274 |   0.0 |       0 |      36 |   0.0 |  2196
           D:3 |       0 |     198 |   0.0 |       0 |      28 |   0.0 |  1396
           D:4 |       0 |     296 |   0.0 |       0 |      16 |   0.0 |  1254
           D:5 |       0 |     358 |   0.0 |       0 |      14 |   0.0 |  1645
           D:6 |       0 |     677 |   0.0 |       0 |      15 |   0.0 |  1483
           D:7 |       0 |     472 |   0.0 |       0 |      16 |   0.0 |  1135
           D:8 |       0 |    1513 |   0.0 |       0 |      25 |   0.0 |  2342
           D:9 |       0 |    4461 |   0.0 |       0 |      30 |   0.0 |  3008
          D:10 |       0 |    4508 |   0.0 |       0 |      29 |   0.0 |  3066
        Lair:1 |       0 |    1230 |   0.0 |       0 |       7 |   0.0 |  1202
        Lair:2 |       0 |    2326 |   0.0 |       0 |       7 |   0.0 |  1622
        Lair:3 |       0 |    5314 |   0.0 |       0 |      24 |   0.0 |  2128
        Lair:4 |       0 |    5960 |   0.0 |       0 |      23 |   0.0 |  2687
         Orc:1 |       0 |    1858 |   0.0 |       0 |      11 |   0.0 |  1422
         Orc:2 |       0 |    5154 |   0.0 |       0 |      31 |   0.0 |  1262
               +---------+---------+-------+---------+---------+-------+---------
